 Dungeon Crawl Stone Soup version 0.28.0-53-g5a82cb258f (webtiles) character file.

Game seed: 13012439014610232066

910 PentaManta the Covert (level 8, -3/44 HPs)
             Began as a Kobold Brigand on June 16, 2022.
             Slain by a black bear (5 damage)
             ... on level 5 of the Dungeon.
             The game lasted 00:10:18 (5758 turns).

PentaManta the Covert (Kobold Brigand)              Turns: 5758, Time: 00:10:19

Health: -3/44      AC:  5    Str:  8    XL:     8   Next: 30%
Magic:  8/8        EV: 17    Int: 12    God:
Gold:   244        SH:  0    Dex: 19    Spells: 7/7 levels left

rFire   . . .      SeeInvis +   D - +0 rapier
rCold   . . .      Faith    .   (no shield)
rNeg    . . .      Spirit   .   v - +0 leather armour
rPois   .          Reflect  .   (no helmet)
rElec   .          Harm     .   c - +0 cloak
rCorr   .          Rampage  .   (no gloves)
Will    .....                   w - +0 pair of boots
Stlth   +++++.....              (no amulet)
HPRegen 0.14/turn               p - ring of see invisible
MPRegen 0.11/turn               (no ring)

@: no status effects
A: small, no large weapons, nightstalker 3
a: no special abilities


You were on level 5 of the Dungeon.
You visited 1 branch of the dungeon, and saw 5 of its levels.

You collected 244 gold pieces.

Inventory:

Hand Weapons
 a - a +2 dagger
 l - a +0 falchion
 D - a +0 rapier (weapon)
Missiles
 d - 8 poisoned darts
 e - 2 curare-tipped darts (quivered)
 j - 6 boomerangs
Armour
 c - a +0 cloak (worn)
 o - a +0 ring mail
 t - a +0 scale mail
 v - a +0 leather armour (worn)
 w - a +0 pair of boots (worn)
Jewellery
 p - a ring of see invisible (left hand)
Wands
 b - a wand of iceblast (18)
 u - a wand of acid (16)
 C - a wand of paralysis (8)
Scrolls
 g - 3 scrolls of teleportation {unknown}
 h - 4 scrolls of identify {unknown}
 i - a scroll of enchant armour {unknown}
 k - 2 scrolls of enchant weapon {unknown}
 q - a scroll of magic mapping {unknown}
 s - a scroll of blinking {unknown}
 y - 2 scrolls of brand weapon {unknown}
 z - a scroll of fear {unknown}
 B - a scroll of summoning {unknown}
Potions
 f - a potion of might {unknown}
 m - 2 potions of mutation {unknown}
 n - 3 potions of curing {unknown}
 r - 2 potions of heal wounds {unknown}
 x - a potion of ambrosia {unknown}
 A - 2 potions of flight {unknown}


   Skills:
 - Level 2.1 Fighting
 + Level 7.7 Short Blades
 - Level 2.1 Throwing
 + Level 5.3 Dodging
 + Level 9.4 Stealth


You had 7 spell levels left.
You didn't know any spells.
Your spell library contained the following spells:

 Spells                   Type           Power      Damage    Failure   Level
 Beastly Appendage        Tmut           0%         N/A       43%         1
 Wereblood                Tmut           0%         N/A       58%         2
 Conjure Flame            Conj/Fire      0%         6-21      82%         3
 Ignite Poison            Fire/Tmut/Pois 0%         N/A       82%         3
 Spider Form              Tmut/Pois      0%         N/A       82%         3
 Sticky Flame             Conj/Fire      0%         2d3       99%         4


Dungeon Overview and Level Annotations

Branches:
Dungeon (5/15)
 Temple: D:4-7

Altars:
Cheibriados

Shops:
D:1 ?

Annotations:
D:4 exclusion: 4 killer bees


Innate Abilities, Weirdness & Mutations

You are small and have problems with some larger weapons.
You are completely attuned to the shadows.


Message History

You hit the ufetubus.
You kill the ufetubus!
You hit the black bear.
The black bear is lightly wounded.
You barely miss the black bear.
The black bear is lightly wounded.
The black bear closely misses you. The black bear barely misses you.
The black bear completely misses you.
You puncture the black bear!
The black bear is heavily wounded.
The black bear closely misses you. The black bear claws you.
The black bear closely misses you.
You hit the black bear.
The black bear is severely wounded.
The black bear misses you. The black bear completely misses you.
The black bear claws you but does no damage.
You hit the black bear.
The black bear is almost dead.
The black bear goes berserk!
You hit the black bear.
The black bear is almost dead.
The black bear completely misses you. The black bear claws you.
The black bear barely misses you.
You closely miss the black bear.
The black bear is almost dead.
The black bear barely misses you. The black bear claws you.
* * * LOW HITPOINT WARNING * * *
The black bear misses you.
You hit the black bear.
The black bear is almost dead.
The black bear bites you but does no damage.
The black bear claws you.
* * * LOW HITPOINT WARNING * * *
The black bear barely misses you.
You hit the black bear.
The black bear is almost dead.
The black bear bites you but does no damage.
The black bear misses you. The black bear closely misses you.
The black bear misses you. The black bear claws you.
You die...

.......((## #..
.......###..
#.......##..
#........... ....
......##...#.. #...
.#..#...#......
##..###.#.....##......
.#...#...##....##...##.
.....h@...#............
##...##........#.......
.....##........#.....(.
...................###.
.......................
#......................
.......................
......................
.........###.....##...


You could see a black bear (berserk).

Vanquished Creatures
  Sigmund (D:2)
  An ice beast (D:5)
  An ogre (D:5)
  A water moccasin skeleton (D:4)
  A killer bee (D:4)
  A howler monkey (D:4)
  2 hounds
  A bullfrog zombie (D:5)
  A quasit (D:4)
  A jelly (D:4)
  2 iguanas (D:5)
  An orc wizard (D:5)
  A hound skeleton (D:4)
  A howler monkey skeleton (D:4)
  A howler monkey zombie (D:5)
  7 adders
  2 ufetubi (D:5)
  An adder skeleton (D:4)
  2 worms
  6 dart slugs
  8 orcs
  6 bats
  5 endoplasms
  2 giant cockroaches
  2 goblins (D:3)
  9 hobgoblins
  7 jackals
  3 kobolds
  2 quokkas
  5 ball pythons
  A frilled lizard (D:1)
  4 rats
89 creatures vanquished.

Notes
Turn   | Place    | Note
-------+----------+-------------------------------------------
     0 | D:1      | PentaManta the Kobold Brigand began the quest for the Orb.
     0 | D:1      | Reached XP level 1. HP: 12/12 MP: 1/1
    51 | D:1      | Found Arugyleo's Magic Scroll Shop.
   220 | D:1      | Reached XP level 2. HP: 17/17 MP: 2/2
   475 | D:1      | Found a faded altar of an unknown god.
   862 | D:1      | Reached XP level 3. HP: 21/21 MP: 3/3
  1351 | D:2      | Reached skill level 6 in Stealth
  1486 | D:2      | Noticed Sigmund
  1490 | D:2      | Killed Sigmund
  1491 | D:2      | Reached skill level 5 in Short Blades
  1491 | D:2      | Reached skill level 7 in Stealth
  1491 | D:2      | Reached XP level 4. HP: 26/26 MP: 4/4
  1491 | D:2      | Reached XP level 5. HP: 30/30 MP: 5/5
  1491 | D:2      | Reached XP level 6. HP: 35/35 MP: 6/6
  3234 | D:3      | Found a snail-covered altar of Cheibriados.
  3639 | D:4      | Reached skill level 8 in Stealth
  3639 | D:4      | Reached XP level 7. HP: 33/40 MP: 7/7
  4487 | D:4      | Noticed Grinder
  4509 | D:4      | Noticed Grinder
  4509 | D:4      | Grinder changed into Grinder the lemure
  4512 | D:4      | Noticed Grinder
  4512 | D:4      | Grinder the lemure changed into Grinder the iron imp
  4516 | D:4      | Noticed Grinder
  4516 | D:4      | Grinder the iron imp changed into Grinder the quasit
  4533 | D:4      | Killed Grinder the quasit
  5093 | D:5      | Entered Level 5 of the Dungeon
  5413 | D:5      | Reached skill level 9 in Stealth
  5413 | D:5      | Reached XP level 8. HP: 44/44 MP: 8/8
  5418 | D:5      | Reached skill level 5 in Dodging
  5757 | D:5      | HP: 2/44 [black bear (6)]
  5758 | D:5      | Slain by a black bear

Illustrated notes

Levels and vault maps discovered:
D:1:      shiori_arrival_whats_in_store_for_you, layout_basic, serial_shops,
          shop, shapermc_ecumenical_altar_venn, st_stairs_2, interstate_on_off,
          minmay_hedge_maze
D:2:      layout_loops_corners, uniq_sigmund
D:3:      layout_loops_ring, slow_altar_2, kennysheep_generic_room_4
D:4:      layout_loops_ring, minmay_fractal_squares_diagonal_5, uniq_grinder
D:5:      layout_cave_pools, nemelex_spade_bored_becter, uniq_ijyb

Skill      XL: |  1  2  3  4  5  6  7  8 |
---------------+-------------------------+-----
Short Blades   | 3 5 6 7 |  7.7
Dodging        | 2 3 4 5 |  5.3
Stealth        | 7 8 9 |  9.4
Fighting       | |  2.1
Throwing       | |  2.1

Action                   |  1- 3 |  4- 6 |  7- 9 || total
-------------------------+-------+-------+-------++-------
Melee: Dagger            |    46 |   123 |   148 ||   317
       Punch             |       |     2 |     3 ||     5
       Rapier            |       |       |    60 ||    60
Throw: Dart              |       |       |     4 ||     4
Evoke: Wand              |       |       |     8 ||     8
 Stab: Sleeping          |    20 |    22 |     6 ||    48
       Distracted        |       |       |     3 ||     3
Armor: Robe              |     1 |     3 |       ||     4
       Leather armour    |       |    15 |    34 ||    49
Dodge: Dodged            |     8 |    53 |   152 ||   213
